AoeStats
← ☣Mardo☣

Nomad

510113899Analyzed
2v2 RM · 2d ago on Sep 29, 2026· 46m 37s· 4 players
Game mode
Random Map
Map size
176×176
Population
200
Speed
Normal
Resources
Standard
Victory
Conquest
Starting age
Dark Age
Ending age
Imperial Age
RankedLock teamsTeams togetherTeam positionsShared explorationLock speedFull tech treeHidden civsTurbo modeCheats
Victory
Defeat
🇷🇺 Japanese · Russia
1054
+14
🇷🇺 Saracens · Russia
1044
+14
🇸🇰 Persians · Slovakia
1012
-14
🇨🇿 Wu · Czechia
1011
-14
☣Mardo☣
4:33 Loom
12:33 Feudal Age
13:51 Double-Bit Axe
18:25 Castle Age
16:16 Horse Collar
17:12 Scale Barding Armor
20:36 Forging
25:12 Bloodlines
27:01 Husbandry
28:56 Wheelbarrow
29:30 Chain Barding Armor
32:12 Scale Mail Armor
33:21 Pikeman
34:02 Squires
33:47 Arson
33:51 Gambesons
34:29 Hand Cart
34:33 Arson
36:43 Murder Holes
41:26 Imperial Age
40:28 Chain Mail Armor
40:49 Iron Casting
41:59 Parthian Tactics
42:13 Conscription
42:56 Fletching
44:06 Blast Furnace
43:40 Plate Mail Armor
42:47 Halberdier
ElaRyer
6:04 Loom
12:43 Feudal Age
13:10 Double-Bit Axe
22:20 Castle Age
22:20 Forging
23:25 Stone Mining
23:25 Gold Mining
24:18 Scale Mail Armor
24:13 Pikeman
24:56 Squires
26:35 Chain Mail Armor
27:42 Bow Saw
46:50 Wheelbarrow
45:58 Horse Collar
apokalipsis
6:33 Loom
14:54 Feudal Age
20:17 Castle Age
18:08 Double-Bit Axe
18:05 Horse Collar
18:30 Fishing Lines
22:31 Bloodlines
22:57 Scale Barding Armor
23:39 Forging
23:43 Husbandry
27:33 Iron Casting
37:37 Wheelbarrow
37:28 Bow Saw
42:30 Horse Collar
42:41 Gold Mining
43:19 Chain Barding Armor
49:37 Imperial Age
Antony
7:31 Loom
13:43 Feudal Age
17:36 Forging
17:31 Double-Bit Axe
20:39 Castle Age
19:24 Gold Mining
20:43 Pikeman
22:06 Wheelbarrow
21:56 Fletching
23:29 Squires
23:15 Gambesons
23:52 Bow Saw
26:19 Fishing Lines
27:10 Scale Mail Armor
28:01 Gillnets
29:23 Horse Collar
33:12 Bodkin Arrow
33:33 Chain Mail Armor
33:56 Town Watch
35:36 Heavy Plow
36:12 Gold Shaft Mining
36:34 Iron Casting
42:01 Imperial Age
41:26 Padded Archer Armor
43:57 Blast Furnace
43:27 Plate Mail Armor
43:31 Hand Cart
42:49 Halberdier
44:14 Conscription
44:54 Bracer
46:21 Kataparuto
Connection lost

Rejoining the realm…

Still unreachable

The connection could not be restored.

Session expired

The server has moved on; the page needs a fresh start.